 Dungeon Crawl Stone Soup version 0.26-a0-639-g72c4674329 (webtiles) character file.

Game seed: 14011335260933636337

(classic levelgen) 9433 EnegeticOcto the Cleaver (level 11, -9/100 HPs)
             Began as a Deep Dwarf Fighter on Sept 28, 2020.
             Was an Elder of Makhleb.
             Succumbed to Sonja's poison
             ... on level 10 of the Dungeon.
             The game lasted 00:03:45 (5049 turns).

EnegeticOcto the Cleaver (Deep Dwarf Fighter)       Turns: 5049, Time: 00:03:46

Health: -9/100     AC: 14    Str: 22      XL:     11   Next: 23%
Magic:  9/9        EV:  3    Int: 10      God:    Makhleb [****..]
Gold:   325        SH:  7    Dex: 11 (12) Spells: 10/10 levels left

rFire    . . .     SeeInvis .   a - +1 war axe
rCold    . . .     Faith    .   c - +0 kite shield
rNeg     . . .     Spirit   .   k - +0 plate armour
rPois    .         Reflect  .   j - +2 helmet
rElec    .         Harm     .   u - +0 cloak
rCorr    .         Rampage  .   (no gloves)
MR       +....                  (no boots)
Stlth    ..........             (no amulet)
HPRegen  0.00/turn              (no ring)
MPRegen  0.11/turn              (no ring)

@: lethally poisoned (-9 -> -69), non-regenerating, slowed, extremely drained,
very slow
A: damage resistance, heal wounds, sense surroundings 2, no regeneration
a: Heal Wounds, Minor Destruction, Lesser Servant of Makhleb, Major Destruction,
Renounce Religion


You were on level 10 of the Dungeon.
You worshipped Makhleb.
Makhleb was greatly pleased with you.
You visited 2 branches of the dungeon, and saw 11 of its levels.

You collected 403 gold pieces.
You spent 78 gold pieces at shops.

Inventory:

Hand Weapons
 a - a +1 war axe (weapon)
Missiles
 i - 5 throwing nets (quivered)
Armour
 b - a +0 scale mail
 c - a +0 kite shield (worn)
 j - a +2 helmet (worn)
 k - a +0 plate armour (worn)
 u - a +0 cloak (worn)
Wands
 s - a wand of enslavement (4)
 v - a wand of polymorph (7)
 y - a wand of acid (11) {@v1}
Scrolls
 h - 2 scrolls of enchant weapon
 l - 2 scrolls of teleportation {@r3}
 m - 2 scrolls of remove curse {@r2}
 o - a scroll of enchant armour
 r - 3 scrolls of identify {@r1}
 t - a scroll of fear
 A - a scroll of vulnerability {unknown}
 C - a scroll of random uselessness {unknown}
Potions
 d - 2 potions of might {@q3}
 e - 3 potions of resistance {@q6}
 f - 3 potions of haste {@q4}
 g - 3 potions of heal wounds {unknown}
 n - 2 potions of brilliance {unknown}
 q - a potion of lignification {@q7}
 w - a potion of flight {unknown}
 x - a potion of degeneration {unknown}
 B - 2 potions of mutation {unknown}
Miscellaneous
 z - a box of beasts (3/3)


   Skills:
 + Level 7.2(0.0) Fighting
 * Level 11.4(1.3) Axes
 + Level 8.7(0.0) Armour
 + Level 8.8(0.0) Shields
 + Level 8.5(0.0) Invocations


You had 10 spell levels left.
You didn't know any spells.
Your spell library was empty.

Dungeon Overview and Level Annotations

Branches:
Dungeon (10/15)            Temple (1/1) D:5
   Lair: D:8-11         Orc: D:9-12

Altars:
Ashenzari
Dithmenos
Elyvilon
Fedhas
Gozag
Hepliaklqana
Kikubaaqudgha
Makhleb
Nemelex Xobeh
Okawaru
Qazlal
Ru
Sif Muna
Trog
Uskayaw
Vehumet
Wu Jian
Xom
Yredelemnul
Zin
The Shining One

Shops:
D:4 (=   D:6 *

Annotations:
D:10 Sonja


Innate Abilities, Weirdness & Mutations

You are resistant to damage.
You can heal yourself by infusing magical energy.
You passively map the area around you.
You do not regenerate.


Message History

Sonja stings you!
You are more poisoned.
Sonja poisons you! You block the orc's attack. Sonja stings you.
You are more poisoned.
Sonja poisons you!
The orc hits you from afar with a +0 trident.
Sonja stings you!
You are lethally poisoned!
Sonja poisons you! The orc completely misses you.
You are too injured to fight recklessly!
You are too injured to fight recklessly!
You are too injured to fight recklessly!
You are too injured to fight recklessly!
You are too injured to fight recklessly!
You are too injured to fight recklessly!
You are too injured to fight recklessly!
You are too injured to fight recklessly!
You are too injured to fight recklessly!
You are too injured to fight recklessly!
You are too injured to fight recklessly!
You are too injured to fight recklessly!
You are too injured to fight recklessly!
You are too injured to fight recklessly!
You are too injured to fight recklessly!
You are too injured to fight recklessly!
You are too injured to fight recklessly!
You are too injured to fight recklessly!
You are too injured to fight recklessly!
You are too injured to fight recklessly!
You are too injured to fight recklessly!
You are too injured to fight recklessly!
You feel much better.
You feel extremely sick. Sonja stings you but does no damage.
The orc hits you but does no damage. Sonja stings you!
You fail to use your ability.
* * * LOW HITPOINT WARNING * * *
You feel very sick. Sonja stings you.
* * * LOW HITPOINT WARNING * * *
You block the orc's attack. Sonja stings you!
* * * LOW HITPOINT WARNING * * *
You are more poisoned.
Sonja poisons you!
* * * LOW HITPOINT WARNING * * *
You feel extremely sick. The orc barely misses you. You block Sonja's attack.
The orc barely misses you. Sonja stings you but does no damage.
You feel much better.
* * * LOW HITPOINT WARNING * * *
You feel extremely sick. Sonja stings you.
* * * LOW HITPOINT WARNING * * *
You block the orc's attack.
You feel much better.
You feel extremely sick. Sonja stings you! The orc hits you but does no damage.
Sonja stings you.
You feel much better.
You feel very sick. Sonja stings you! The orc hits you but does no damage.
Sonja stings you!
* * * LOW HITPOINT WARNING * * *
You are more poisoned.
Sonja poisons you! You block the orc's attack.
You are too injured to fight recklessly!
You are too injured to fight recklessly!
You are too injured to fight recklessly!
You are too injured to fight recklessly!
You are too injured to fight recklessly!
You are too injured to fight recklessly!
You are too injured to fight recklessly!
You are too injured to fight recklessly!
You are too injured to fight recklessly!
You are too injured to fight recklessly!
You are too injured to fight recklessly!
Okay, then.
You are too injured to fight recklessly!
You are too injured to fight recklessly!
You are too injured to fight recklessly!
You are too injured to fight recklessly!
You are too injured to fight recklessly!
You are too injured to fight recklessly!
You are too injured to fight recklessly!
You are too injured to fight recklessly!
You are too injured to fight recklessly!
You are too injured to fight recklessly!
You hit Sonja.
Sonja is severely wounded.
Your plate armour prevents you from hitting the orc.
* * * LOW HITPOINT WARNING * * *
You feel extremely sick. Sonja stings you!
* * * LOW HITPOINT WARNING * * *
You are more poisoned.
Sonja poisons you! The orc hits you with a +0 trident.
You block Sonja's attack. The orc hits you but does no damage.
You block Sonja's attack.
You barely miss Sonja.
Sonja is severely wounded.
You barely miss the orc.
You die...

....##.###......##...##
....###...#....##...#(#
......#...#........#.##
.....#.#(........##(##
.................#(## *
.................([#*, #
.................(.##..# *
......[.........).†...##,
................@F.....# *
....#..........o.).8......
*
...###....................,
* ........8.8.8....,,, *
.................,
,.../....8.8...... , * , ,
, ................ ,, , , ,
, ............... , , ,, ,
,, , , * *


You could see Sonja the cane toad and an orc.

Vanquished Creatures
  Harold (D:7)
  2 centaur warriors (D:8)
  A cyclops (D:8)
  Prince Ribbit (D:6)
  A slime creature (D:8)
  A hornet (D:8)
  12 yaks
  An acid dragon (D:8)
  A water moccasin (D:7)
  Edmund (D:6)
  2 sky beasts
  3 ice beasts
  6 orc warriors
  A black bear (D:8)
  A necrophage (D:7)
  3 ogres
  A phantom (D:4)
  3 centaurs
  A crocodile (D:9)
  7 bullfrogs
  A gnoll sergeant (D:9)
  A water moccasin skeleton (D:9)
  3 scorpions
  11 killer bees (D:10)
  5 wights (D:6)
  4 howler monkeys
  A centaur zombie (D:9)
  A quasit (D:10)
  2 hounds (D:4)
  2 jellies (D:8)
  3 orc priests
  A bullfrog skeleton (D:8)
  4 orc wizards
  Crazy Yiuf (D:6)
  2 centaur skeletons
  Jessica (D:2)
  Ijyb (D:5)
  3 iguanas
  3 worker ants
  2 hound zombies
  A hound skeleton (D:5)
  5 adders
  13 gnolls
  A shadow imp (D:10)
  A white imp (D:6)
  4 adder skeletons
  2 worms
  A dart slug (D:1)
  2 leopard geckos
  37 orcs
  3 bats
  3 giant cockroaches
  8 jackals
  4 quokkas
  A ball python (D:6)
  3 frilled lizards
  2 goblins (D:2)
  2 kobolds
  4 rats
199 creatures vanquished.

Notes
Turn   | Place    | Note
-------+----------+-------------------------------------------
     0 | D:1      | EnegeticOcto the Deep Dwarf Fighter began the quest for the
                  | Orb.
     0 | D:1      | Reached XP level 1. HP: 20/20 MP: 1/1
   177 | D:2      | Reached XP level 2. HP: 24/27 MP: 2/2
   182 | D:2      | Reached skill level 3 in Axes
   182 | D:2      | Reached XP level 3. HP: 21/34 MP: 3/3
   219 | D:2      | Noticed Jessica
   245 | D:2      | Killed Jessica
   245 | D:2      | Reached XP level 4. HP: 26/42 MP: 3/3
   515 | D:4      | Noticed a phantom
   550 | D:4      | Killed a phantom
   550 | D:4      | Reached skill level 4 in Axes
   550 | D:4      | Reached XP level 5. HP: 41/49 MP: 3/3
   703 | D:4      | Found Recosk's Jewellery Boutique.
   715 | D:4      | Reached XP level 6. HP: 47/56 MP: 4/4
   872 | D:4      | Reached skill level 5 in Axes
   996 | D:4      | Found Rusenem's Weapon Shoppe.
  1207 | D:5      | Entered Level 5 of the Dungeon
  1319 | D:5      | Found a staircase to the Ecumenical Temple.
  1339 | Temple   | Entered the Ecumenical Temple
  1419 | Temple   | Became a worshipper of Makhleb the Destroyer
  1604 | D:5      | Reached XP level 7. HP: 59/64 MP: 5/5
  1764 | D:5      | Reached skill level 5 in Armour
  1764 | D:5      | Reached skill level 5 in Shields
  1764 | D:5      | Reached skill level 1 in Invocations
  1859 | D:5      | Reached skill level 6 in Axes
  1974 | D:5      | Noticed Ijyb
  1987 | D:5      | Killed Ijyb
  2076 | D:6      | Found Enuvitoe's Assorted Antiques.
  2079 | D:6      | Bought a scroll labeled CUODEU OTIRECW for 26 gold pieces
  2079 | D:6      | Bought a scroll labeled JUQAUPTU DOXEO for 26 gold pieces
  2079 | D:6      | Bought a scroll labeled KYGUAT LEPP for 26 gold pieces
  2145 | D:6      | Reached XP level 8. HP: 54/73 MP: 6/8
  2207 | D:6      | Noticed Prince Ribbit
  2256 | D:6      | Killed Prince Ribbit
  2256 | D:6      | Reached skill level 7 in Axes
  2268 | D:6      | Reached * piety under Makhleb
  2539 | D:6      | Found a runed translucent door.
  2542 | D:6      | Noticed Crazy Yiuf
  2549 | D:6      | Noticed Edmund
  2553 | D:6      | Reached skill level 5 in Fighting
  2567 | D:6      | Killed Edmund
  2739 | D:6      | Found a glowing drain.
  2976 | D:6      | Killed Crazy Yiuf
  3025 | D:7      | Reached skill level 8 in Axes
  3111 | D:7      | Gained mutation: You passively map the area around you.
                  | [Deep Dwarf growth]
  3111 | D:7      | Reached XP level 9. HP: 38/81 MP: 7/7
  3146 | D:7      | Reached skill level 5 in Invocations
  3154 | D:7      | Reached skill level 9 in Axes
  3178 | D:7      | Noticed Harold
  3196 | D:7      | Killed Harold
  3550 | D:8      | Reached ** piety under Makhleb
  3615 | D:8      | Reached XP level 10. HP: 67/91 MP: 8/8
  3742 | D:8      | Paralysed by a hornet for 3 turns
  3748 | D:8      | Paralysed by a hornet for 3 turns
  4070 | D:8      | Noticed a centaur warrior
  4086 | D:8      | Killed a centaur warrior
  4086 | D:8      | Reached skill level 10 in Axes
  4101 | D:8      | Noticed a centaur warrior
  4119 | D:8      | Killed a centaur warrior
  4164 | D:8      | Noticed a cyclops
  4173 | D:8      | Killed a cyclops
  4177 | D:8      | Reached *** piety under Makhleb
  4495 | D:9      | Reached skill level 11 in Axes
  4624 | D:9      | Found a shimmering blue altar of Sif Muna.
  4730 | D:10     | Entered Level 10 of the Dungeon
  4804 | D:10     | Reached XP level 11. HP: 61/100 MP: 10/10
  4893 | D:10     | Noticed Sonja
  4942 | D:10     | Reached **** piety under Makhleb
  5028 | D:10     | Noticed Sonja
  5028 | D:10     | Sonja changed into Sonja the cane toad
  5048 | D:10     | HP: 3/100 [Sonja the cane toad (10)]
  5049 | D:10     | Succumbed to Sonja's poison

Illustrated notes

Levels and vault maps discovered:
D:1:      roderic_chinese_lattice_arrival, layout_basic, minmay_misc_feat_rows,
          minmay_pentomino_x4
D:2:      layout_rooms, grunt_ministairs_14, nemelex_spade_bored_becter,
          uniq_jessica
D:3:      layout_basic, serial_glass, glass_columns_a, glass_columns_a,
          glass_columns_a, glass_columns_b, glass_columns_a, glass_columns_b,
          glass_columns_b, glass_columns_b, glass_columns_a, glass_columns_a,
          glass_columns_b, glass_columns_b, glass_columns_c, glass_columns_a,
          makhleb_heckhound_becter
D:4:      layout_basic, serial_shops, kennysheep_little_box, shop
D:5:      layout_gridville, temple_doors_e, uniq_ijyb
D:6:      layout_basic, serial_shops, nicolae_shop_crystal,
          cheibrodos_sewer_entry_bend, chequers_garden, uniq_crazy_yiuf_cottage,
          uniq_edmund, uniq_prince_ribbit1
D:7:      layout_loops_cross, uniq_harold
D:8:      layout_rooms, grunt_ministairs_9, roderic_serpentine_path,
          minmay_evil_grid
D:9:      layout_rooms, led_sif_pool
D:10:     layout_big_octagon, david_orc_5, serial_column_ruins,
          column_ruins_square_medium, column_ruins_hut, column_ruins_grid_4,
          column_ruins_grid_3, column_ruins_open_tiny, column_ruins_open_tiny,
          column_ruins_open_small, column_ruins_open_small, kennysheep_nub,
          minmay_rotating_lava, uniq_sonja
Temple:   regret_index_temple_sigil_plot

Skill      XL: |  1  2  3  4  5  6  7  8  9 10 |
---------------+-------------------------------+-----
Fighting       | 3 4 5 6 7 |  7.2
Axes           | 3 4 5 6 8 9 11 | 11.4
Armour         | 4 5 6 7 8 |  8.7
Shields        | 4 5 6 7 8 |  8.8
Invocations    | 2 4 6 8 |  8.5

Action                   |  1- 3 |  4- 6 |  7- 9 | 10-12 || total
-------------------------+-------+-------+-------+-------++-------
Melee: War axe           |    44 |   117 |   297 |   413 ||   871
 Abil: Heal Wounds       |     3 |     4 |    12 |    20 ||    39
Evoke: Wand              |       |       |       |     1 ||     1
  Use: Scroll            |       |       |    13 |     1 ||    14
       Potion            |       |       |       |     1 ||     1
Armor: Scale mail        |    28 |    75 |    43 |       ||   146
       Plate armour      |       |       |    99 |   367 ||   466
Dodge: Dodged            |    23 |    36 |    73 |   103 ||   235
Block: Kite shield       |    34 |    53 |   183 |   308 ||   578

Table legend: (Time is in decaauts)
 A = Elapsed time spent in this place.
 B = Non-inter-level travel time spent in this place.
 C = Inter-level travel time spent in this place.
 D = Time resting spent in this place.
 E = Time spent auto-exploring this place.
 F = Levels seen in this place.
 G = Mean time per level.
                   A        B        C        D        E       F      G
               +--------+--------+--------+--------+--------+-----+--------+
         Total |   5239 |   4987 |    252 |      0 |   3423 |  11 |  476.3 |
       Dungeon |   5128 |   4912 |    216 |      0 |   3351 |  10 |  512.8 |
        Temple |    110 |     74 |     36 |      0 |     72 |   1 |  110.0 |
               +--------+--------+--------+--------+--------+-----+--------+

Top non-repeatable levels by time:
     D:6: 1009 daAuts
     D:8: 847 daAuts
     D:4: 767 daAuts
     D:5: 750 daAuts
     D:7: 540 daAuts
    D:10: 367 daAuts
     D:9: 355 daAuts
     D:2: 285 daAuts
     D:1: 156 daAuts
  Temple: 110 daAuts
     D:3: 48 daAuts
